 Dungeon Crawl Stone Soup version 0.31-a0-321-g19405a7a6a (webtiles) character file.

Game seed: 8134123203446013822

65 cforsyth the Ruffian (level 3, 0/43 HPs)
             Began as a Vampire Shapeshifter on July 18, 2023.
             Killed from afar by an orc wizard (10 damage)
             ... with a magic dart
             ... on level 3 of the Dungeon.
             The game lasted 00:02:22 (1651 turns).

cforsyth the Ruffian (Vampire Shapeshifter)         Turns: 1651, Time: 00:02:22

Health: 0/43       AC: 21    Str: 16    XL:     3   Next: 94%
Magic:  3/3        EV:  2    Int: 10    God:
Gold:   152        SH:  0    Dex: 14    Spells: 2/2 levels left

rFire   . .          .
                       - Unarmed
rCold   . . .        (no shield)
rNeg    . . .        m - melded +0 chain mail
rPois   +            (helmet currently unavailable)
rElec   .            (cloak currently unavailable)
rCorr   .            (gloves currently unavailable)
SInv    +            (boots currently unavailable)
Will    .....        h - amulet of the acrobat
Stlth   +            (no ring)
HPRegen 0.47/turn    (no ring)
MPRegen 0.08/turn

%: acrobat
@: confused, tree-form (expiring), healing quickly, hasted, very quick
A: stationary, stasis, torment immunity, boosted hp, alive, (fangs 3), see
invisible, vampiric 2
a: Exsanguinate


You were on level 3 of the Dungeon.
You were a tree.
You visited 1 branch of the dungeon, and saw 3 of its levels.

You collected 152 gold pieces.

Inventory:

Armour
 a - a +0 animal skin
 m - a +0 chain mail (melded)
Jewellery
 h - an amulet of the acrobat (around neck)
Talismans
 c - a beast talisman
Scrolls
 e - 3 scrolls of identify {unknown}
 f - a scroll of revelation {unknown}
 i - a scroll of fear {unknown}
 k - a scroll of enchant armour {unknown}
 o - a scroll of noise {unknown}
Potions
 b - a potion of lignification
 d - a potion of degeneration {unknown}
 g - a potion of ambrosia {unknown}
 j - a potion of cancellation {unknown}
 l - a potion of haste
 n - a potion of mutation {unknown}
 p - a potion of enlightenment {unknown}


   Skills:
 + Level 3.0 Fighting
 - Level 2.1 Dodging
 + Level 3.7 Unarmed Combat
 - Level 3.2 Shapeshifting


You had 2 spell levels left.
You didn't know any spells.
Your spell library contained the following spells:

 Spells                   Type           Power      Damage    Failure   Level
 Summon Small Mammal      Summ           0%         N/A       36%         1
 Cigotuvi's Dreadful Rot  Necr/Pois/Air  0%         N/A       50%         2
 Call Canine Familiar     Summ           0%         N/A       75%         3
 Ignite Poison            Fire/Tmut/Pois 0%         N/A       75%         3
 Summon Guardian Golem    Hex/Summ       0%         N/A       75%         3
 Freezing Cloud           Conj/Ice/Air   0%         6-21      100%        5


Dungeon Overview and Level Annotations

Branches:
Dungeon (3/15)

Altars:
Trog


Innate Abilities, Weirdness & Mutations

You are a tree.
Your roots penetrate the ground, keeping you stationary.
You cannot be teleported.
You are immune to unholy pain and torment.
Your maximum health is greatly increased.
Your equipment is partially melded.
Your natural rate of healing is accelerated.
((You have razor-sharp teeth.))
You have supernaturally acute eyesight. (SInv)
You are afflicted with vampirism and can become a bat while bloodless.


Message History

The orc wizard is lightly wounded.
You hit the orc wizard.
The orc wizard is moderately wounded.
The orc hits you but does no damage.
The orc wizard hits you but does no damage.
The orc wizard casts a spell at you. The puff of flame hits you.
* * * LOW HITPOINT WARNING * * *
You closely miss the orc wizard.
The orc wizard is moderately wounded.
The orc barely misses you.
The orc wizard hits you but does no damage. x2
You hit the orc wizard.
The orc wizard is moderately wounded.
You closely miss the orc wizard.
The orc wizard is moderately wounded.
The orc hits you but does no damage.
The orc wizard hits you but does no damage.
The orc wizard points at you and mumbles some strange words.
You resist with some effort.
You hit the orc wizard.
The orc wizard is heavily wounded.
The orc hits you but does no damage.
The orc wizard hits you but does no damage. x2
You closely miss the orc wizard.
The orc wizard is heavily wounded.
You hit the orc wizard.
The orc wizard is severely wounded.
The orc barely misses you.
The orc wizard hits you but does no damage.
The orc wizard gestures at you while chanting.
You are confused.
You nearly hit yourself!
Your transformation is almost over.
The orc hits you but does no damage. The orc wizard casts a spell at you.
The magic dart hits you but does no damage.
The orc wizard gestures at you while chanting.
The magic dart hits you!
You die...

#.......>..o...#. ..#
#.......).)###.#. #.#
#..........# #.#. #.#
#..........###.#.###.#
##########...(.#..##.#
##.##.##.##.#
#.#o.##.##.#
#.#oo.._##.#
#.#♣o##....#
#.#####.#### #.......#
#########


You could see 2 orc wizards and 2 orcs.

Vanquished Creatures
  A dart slug (D:1)
  12 endoplasms
  A giant cockroach (D:1)
  6 goblins
  8 hobgoblins
  6 kobolds
  3 quokkas (D:2)
  5 ball pythons (D:1)
  2 bats
  3 frilled lizards
  7 rats
54 creatures vanquished.

Notes
Turn   | Place    | Note
-------+----------+-------------------------------------------
     0 | D:1      | cforsyth the Vampire Shapeshifter began the quest for the
                  | Orb.
     0 | D:1      | Reached XP level 1. HP: 16/16 MP: 1/1
    76 | D:1      | Reached XP level 2. HP: 11/22 MP: 2/2
   214 | D:1      | Found a faded altar of an unknown god.
   316 | D:1      | Gained mutation: You are afflicted with vampirism and can
                  | become a bat while bloodless. [Vampire growth]
   316 | D:1      | Reached XP level 3. HP: 28/28 MP: 3/3
  1550 | D:3      | Found a bloodstained altar of Trog.
  1651 | D:3      | Killed from afar by an orc wizard

Illustrated notes

Levels and vault maps discovered:
D:1:      beargit_arrival_greenhouse, layout_basic,
          hellmonk_ecumenical_altar_arch_garden, minmay_misc_feat_diagonals,
          minmay_misc_feat_four_crosses, grunt_decor_cap
D:2:      layout_basic
D:3:      layout_basic, overflow_temple_1_default, lemuel_doored_altar

Skill      XL: |  1  2  3 |
---------------+----------+-----
Fighting       | 2 3 |  3.0
Unarmed Combat | 3 |  3.7
Dodging        | |  2.1
Shapeshifting  | |  3.2

Action                     || total
---------------------------++-------
  Melee: Unarmed           ||   159
         Bite              ||     6
         Punch             ||     6
    Use: Potion            ||     2
   Stab: Sleeping          ||     3
 Armour: Animal skin       ||    13
         Skin              ||    74
         Chain mail        ||     7
  Dodge: Dodged            ||    78

Table legend: (Time is in decaauts)
 A = Elapsed time spent in this place.
 B = Non-inter-level travel time spent in this place.
 C = Inter-level travel time spent in this place.
 D = Time resting spent in this place.
 E = Time spent auto-exploring this place.
 F = Levels seen in this place.
 G = Mean time per level.
                   A        B        C        D        E       F      G
               +--------+--------+--------+--------+--------+-----+--------+
         Total |   1636 |   1603 |     33 |      0 |   1248 |   3 |  545.3 |
       Dungeon |   1636 |   1603 |     33 |      0 |   1248 |   3 |  545.3 |
               +--------+--------+--------+--------+--------+-----+--------+

Top non-repeatable levels by time:
     D:2: 878 daAuts
     D:1: 664 daAuts
     D:3: 93 daAuts
